SNL (28 & UNDER)
MONTGOMERY BISCUITS @ WICHITA WRANGLERS
09/08/2024
 
TOP OF THE 1ST
Montgomery Biscuits batting - Pitching for Wichita Wranglers : LHP Craig Sturdy
Pitching: LHP Craig Sturdy
Batting: RHB Juan Díaz 0-0: Ball
1-0: Ground out 5-3 (Groundball, 56S)
Batting: LHB José Martínez 0-0: Ground out 6-3 (Groundball, 6)
Batting: RHB Yujiro Kurihara 0-0: Fly out, F9 (Line Drive, 9LM)
Top of the 1st over - 0 run(s), 0 hit(s), 0 error(s), 0 left on base; Montgomery 0 - Wichita 0
BOTTOM OF THE 1ST
Wichita Wranglers batting - Pitching for Montgomery Biscuits : RHP Ángel Ávila
Pitching: RHP Ángel Ávila
Batting: RHB Tom Howe 0-0: Ball
1-0: Foul Ball, location: 2F
1-1: SINGLE (Groundball, 6M)
Batting: RHB Don Thomas 0-0: Called Strike
0-1: Foul Ball, location: 2F
0-2: Foul Ball, location: 2F
0-2: Fielders Choice at 2nd, 4-6 (Groundball, 4)
Batting: RHB Norberto Taváres 0-0: Ball
1-0: Ball
2-0: Foul Ball, location: 2F
2-1: Ball
3-1: SINGLE (Line Drive, 78M)
Don Thomas to second
Batting: RHB Bob Hall 0-0: Ball
1-0: Called Strike
1-1: Ball
2-1: Called Strike
2-2: Ball
3-2: Strikes out swinging
Batting: SHB Javier Peńa 0-0: Ball
1-0: Foul Ball, location: 2F
1-1: DOUBLE (Flyball, 89XD)
Don Thomas scores
Norberto Taváres to third
Runner from 3rd tries for Home, SAFE, no throw or cutoff
Batting: RHB Jesús Ibarra 0-0: Ball
1-0: Ball
2-0: 2-RUN HOME RUN (Flyball, 8LXD), Distance : 436 ft
Batting: RHB Desi Thompson 0-0: Ball
1-0: Ball
2-0: Ball
3-0: Base on Balls
Batting: RHB Javier Coronado 0-0: Ball
1-0: Called Strike
1-1: Swinging Strike
1-2: Ball
2-2: Ground out 4-3 (Groundball, 4)
Bottom of the 1st over - 4 run(s), 4 hit(s), 0 error(s), 1 left on base; Montgomery 0 - Wichita 4
TOP OF THE 2ND
Montgomery Biscuits batting - Pitching for Wichita Wranglers : LHP Craig Sturdy
Batting: SHB Terry O'Farrell 0-0: Called Strike
0-1: Fly out, F8 (Flyball, 8LD)
Batting: RHB Pete Smith 0-0: Foul Ball, location: 2F
0-1: Ball
1-1: Foul Ball, location: 2F
1-2: Strikes out swinging
Batting: RHB Dave Dawson 0-0: Ball
1-0: Ball
2-0: Ball
3-0: Base on Balls
Batting: RHB Carlos Vásquez 0-0: Foul Ball, location: 2F
0-1: Swinging Strike
0-2: Ball
1-2: Ball
2-2: Strikes out swinging
Top of the 2nd over - 0 run(s), 0 hit(s), 0 error(s), 1 left on base; Montgomery 0 - Wichita 4
BOTTOM OF THE 2ND
Wichita Wranglers batting - Pitching for Montgomery Biscuits : RHP Ángel Ávila
Batting: RHB Dave Henderson 0-0: Ball
1-0: Called Strike
1-1: Ball
2-1: Swinging Strike
2-2: Strikes out swinging passed ball, reaches first!
Batting: RHB Tom Howe 0-0: Called Strike
0-1: Ball
1-1: Grounds into double play, 6-4-3 (Groundball, 6)
Batting: RHB Don Thomas 0-0: Called Strike
0-1: Called Strike
0-2: Ball
1-2: Ground out 6-3 (Groundball, 6)
Bottom of the 2nd over - 0 run(s), 0 hit(s), 0 error(s), 0 left on base; Montgomery 0 - Wichita 4
TOP OF THE 3RD
Montgomery Biscuits batting - Pitching for Wichita Wranglers : LHP Craig Sturdy
Batting: LHB Curt Causton 0-0: Swinging Strike
0-1: Foul Ball, location: 2F
0-2: Ball
1-2: Ball
2-2: Strikes out looking
Batting: RHB Peyton Yardley 0-0: Called Strike
0-1: Ground out 6-3 (Groundball, 6)
Batting: RHB Juan Díaz 0-0: Foul Ball, location: 2F
0-1: Foul Ball, location: 2F
0-2: Ball
1-2: Ball
2-2: Strikes out looking
Top of the 3rd over - 0 run(s), 0 hit(s), 0 error(s), 0 left on base; Montgomery 0 - Wichita 4
BOTTOM OF THE 3RD
Wichita Wranglers batting - Pitching for Montgomery Biscuits : RHP Ángel Ávila
Batting: RHB Norberto Taváres 0-0: Swinging Strike
0-1: Ball
1-1: Ball
2-1: Ball
3-1: Base on Balls
Batting: RHB Bob Hall 0-0: Swinging Strike
0-1: Ball
1-1: Foul Ball, location: 2F
1-2: Ball
2-2: Strikes out swinging
Batting: SHB Javier Peńa 0-0: Called Strike
0-1: Ball
1-1: SINGLE (Groundball, 34D)
Norberto Taváres to second
Runner from 2nd tries for 3rd, SAFE, no throw or cutoff
Batting: RHB Jesús Ibarra 0-0: Ball
1-0: Ball
2-0: Fly out, F9 (Flyball, 9S)
Batting: RHB Desi Thompson 0-0: Foul Ball, location: 2F
0-1: Ground out U3 (Groundball, 3L)
Bottom of the 3rd over - 0 run(s), 1 hit(s), 0 error(s), 2 left on base; Montgomery 0 - Wichita 4
TOP OF THE 4TH
Montgomery Biscuits batting - Pitching for Wichita Wranglers : LHP Craig Sturdy
Batting: LHB José Martínez 0-0: SINGLE (Groundball, 6MD)
Batting: RHB Yujiro Kurihara 0-0: Ball
1-0: Ground out 3-1 (Groundball, 34)
José Martínez to second
Batting: SHB Terry O'Farrell 0-0: Called Strike
0-1: Foul Ball, location: 2F
0-2: Ball
Wild Pitch!
José Martínez to third
1-2: Ball
2-2: Ball
3-2: SINGLE (Line Drive, 56)
José Martínez scores
Batting: RHB Pete Smith 0-0: Ground out 5-3 (Groundball, 5S)
Terry O'Farrell to second
Batting: RHB Dave Dawson 0-0: Ball
1-0: Foul Ball, location: 2F
1-1: Ball
2-1: Called Strike
2-2: Strikes out swinging
Top of the 4th over - 1 run(s), 2 hit(s), 0 error(s), 1 left on base; Montgomery 1 - Wichita 4
BOTTOM OF THE 4TH
Wichita Wranglers batting - Pitching for Montgomery Biscuits : RHP Ángel Ávila
Batting: RHB Javier Coronado 0-0: Ball
1-0: Ball
2-0: Foul Ball, location: 2F
2-1: Ball
3-1: Called Strike
3-2: Foul Ball, location: 2F
3-2: Ground out U3 (Groundball, 3)
Batting: RHB Dave Henderson 0-0: Swinging Strike
0-1: Called Strike
0-2: Strikes out swinging
Batting: RHB Tom Howe 0-0: Fly out, F6 (Popup, 5DF)
Bottom of the 4th over - 0 run(s), 0 hit(s), 0 error(s), 0 left on base; Montgomery 1 - Wichita 4
TOP OF THE 5TH
Montgomery Biscuits batting - Pitching for Wichita Wranglers : LHP Craig Sturdy
Batting: RHB Carlos Vásquez 0-0: Ball
1-0: Ball
2-0: Foul Ball, location: 2F
2-1: Swinging Strike
2-2: Strikes out looking
Batting: LHB Curt Causton 0-0: Ball
1-0: Called Strike
1-1: Ball
2-1: Foul Ball, location: 2F
2-2: Ball
3-2: Foul Ball, location: 2F
3-2: Fly out, F5 (Popup, 5F)
Batting: RHB Peyton Yardley 0-0: Ball
1-0: Ball
2-0: Bunt missed!
2-1: Fly out, F6 (Line Drive, 6)
Top of the 5th over - 0 run(s), 0 hit(s), 0 error(s), 0 left on base; Montgomery 1 - Wichita 4
BOTTOM OF THE 5TH
Wichita Wranglers batting - Pitching for Montgomery Biscuits : RHP Ángel Ávila
Batting: RHB Don Thomas 0-0: Foul Ball, location: 2F
0-1: Ball
1-1: Ball
2-1: Called Strike
2-2: Foul Ball, location: 2F
2-2: Foul Ball, location: 2F
2-2: Strikes out looking
Batting: RHB Norberto Taváres 0-0: Ball
1-0: Foul Ball, location: 2F
1-1: Ball
2-1: Called Strike
2-2: Foul Ball, location: 2F
2-2: Fly out, F7 (Popup, 6D)
Batting: RHB Bob Hall 0-0: Called Strike
0-1: Ball
1-1: Ball
2-1: Ball
3-1: Fly out, F6 (Popup, 6MD)
Bottom of the 5th over - 0 run(s), 0 hit(s), 0 error(s), 0 left on base; Montgomery 1 - Wichita 4
TOP OF THE 6TH
Montgomery Biscuits batting - Pitching for Wichita Wranglers : LHP Craig Sturdy
Batting: RHB Juan Díaz 0-0: Fly out, F8 (Flyball, 8LD)
Batting: LHB José Martínez 0-0: Ground out 4-3 (Groundball, 4M)
Batting: RHB Yujiro Kurihara 0-0: Ball
1-0: Ball
2-0: Ball
3-0: Base on Balls
Batting: SHB Terry O'Farrell 0-0: Called Strike
0-1: Ground out 5-3 (Groundball, 5S)
Top of the 6th over - 0 run(s), 0 hit(s), 0 error(s), 1 left on base; Montgomery 1 - Wichita 4
BOTTOM OF THE 6TH
Wichita Wranglers batting - Pitching for Montgomery Biscuits : RHP Ángel Ávila
Pitching: RHP Rick Grant
Batting: SHB Javier Peńa 0-0: Called Strike
0-1: Ball
1-1: Foul Ball, location: 2F
1-2: Foul Ball, location: 2F
1-2: Ball
2-2: Strikes out swinging
Batting: RHB Jesús Ibarra 0-0: Ball
1-0: Bunted foul
1-1: SINGLE (Groundball, 56D)
Batting: RHB Desi Thompson 0-0: Ball
Jesús Ibarra steals 2nd base
1-0: Intentional Walk
Batting: RHB Javier Coronado 0-0: Ball
1-0: Called Strike
1-1: Ball
2-1: Foul Ball, location: 2F
2-2: Strikes out swinging
Batting: RHB Dave Henderson 0-0: Called Strike
0-1: Swinging Strike
0-2: Strikes out looking
Bottom of the 6th over - 0 run(s), 1 hit(s), 0 error(s), 2 left on base; Montgomery 1 - Wichita 4
TOP OF THE 7TH
Montgomery Biscuits batting - Pitching for Wichita Wranglers : LHP Craig Sturdy
Batting: RHB Pete Smith 0-0: Ground out U3 (Groundball, 3)
Batting: RHB Dave Dawson 0-0: Ball
1-0: Ball
2-0: Foul Ball, location: 2F
2-1: Foul Ball, location: 2F
2-2: DOUBLE (Flyball, 9D)
Batting: RHB Carlos Vásquez 0-0: Ground out 6-3 (Groundball, 6)
Batting: LHB Curt Causton 0-0: Ball
1-0: Called Strike
1-1: Swinging Strike
1-2: Foul Ball, location: 2F
1-2: Strikes out swinging
Top of the 7th over - 0 run(s), 1 hit(s), 0 error(s), 1 left on base; Montgomery 1 - Wichita 4
BOTTOM OF THE 7TH
Wichita Wranglers batting - Pitching for Montgomery Biscuits : RHP Rick Grant
Batting: RHB Tom Howe 0-0: Called Strike
0-1: Ball
1-1: Ball
2-1: Foul Ball, location: 2F
2-2: Ball
3-2: Base on Balls
Batting: RHB Don Thomas 0-0: Foul Ball, location: 2F
0-1: Fielders Choice at 2nd, 5-4 (Groundball, 56)
Batting: RHB Norberto Taváres 0-0: Ball
1-0: SINGLE (Flyball, 89S)
Don Thomas to second
Batting: RHB Bob Hall 0-0: Swinging Strike
0-1: Swinging Strike
0-2: Ball
1-2: Ball
2-2: Foul Ball, location: 2F
2-2: Ball
3-2: Base on Balls
Don Thomas to third
Norberto Taváres to second
Pitching: LHP Steve Billington
Batting: SHB Javier Peńa 0-0: Ball
1-0: Foul Ball, location: 2F
1-1: Ball
2-1: Fly out, F7 (Flyball, 7D)
Runner from 3rd tags up, SCORES, no throw
Batting: RHB Jesús Ibarra 0-0: Ball
1-0: Called Strike
1-1: Ball
2-1: Ball
3-1: Foul Ball, location: 2F
3-2: Foul Ball, location: 2F
3-2: Fly out, F7 (Flyball, 78M)
Bottom of the 7th over - 1 run(s), 1 hit(s), 0 error(s), 2 left on base; Montgomery 1 - Wichita 5
TOP OF THE 8TH
Montgomery Biscuits batting - Pitching for Wichita Wranglers : LHP Craig Sturdy
Pitching: LHP Jorge Ybarra
Batting: RHB Peyton Yardley 0-0: Ball
1-0: Called Strike
1-1: Swinging Strike
1-2: Ball
2-2: Strikes out swinging
Batting: RHB Juan Díaz 0-0: Ball
1-0: Ball
2-0: Called Strike
2-1: SINGLE (Groundball, 4MD)
Batting: LHB José Martínez 0-0: Ball
1-0: Swinging Strike
1-1: Foul Ball, location: 2F
1-2: Ball
2-2: Ball
3-2: Foul Ball, location: 2F
3-2: Strikes out looking
Juan Díaz steals 2nd base
Batter strikes out.
Batting: RHB Yujiro Kurihara 0-0: Called Strike
0-1: Foul Ball, location: 2F
0-2: Fly out, F7 (Flyball, 7LM)
Top of the 8th over - 0 run(s), 1 hit(s), 0 error(s), 1 left on base; Montgomery 1 - Wichita 5
BOTTOM OF THE 8TH
Wichita Wranglers batting - Pitching for Montgomery Biscuits : LHP Steve Billington
Batting: RHB Desi Thompson 0-0: Swinging Strike
0-1: Called Strike
0-2: Ball
1-2: Foul Ball, location: 2F
1-2: Ball
2-2: Ball
3-2: Foul Ball, location: 2F
3-2: Foul Ball, location: 2F
3-2: Base on Balls
Batting: RHB Javier Coronado 0-0: Sac Bunt - play at first, batter OUT! 2-3
Desi Thompson to second
Batting: RHB Dave Henderson 0-0: Ball
1-0: Ball
2-0: Called Strike
2-1: Swinging Strike
2-2: Ground out 6-3 (Groundball, 6M)
Desi Thompson to third
Batting: RHB Tom Howe 0-0: Ball
Steal of home, Desi Thompson is out
Bottom of the 8th over - 0 run(s), 0 hit(s), 0 error(s), 0 left on base; Montgomery 1 - Wichita 5
TOP OF THE 9TH
Montgomery Biscuits batting - Pitching for Wichita Wranglers : LHP Jorge Ybarra
Batting: SHB Terry O'Farrell 0-0: Hit by Pitch
Batting: RHB Pete Smith 0-0: SINGLE (Groundball, 15) (infield hit)
Terry O'Farrell to second
Pitching: LHP José Gallegos
Batting: RHB Dave Dawson 0-0: Called Strike
0-1: Ball
1-1: Ball
2-1: Foul Ball, location: 2F
2-2: Ball
3-2: Strikes out swinging
Batting: RHB Carlos Vásquez 0-0: Fly out, F9 (Flyball, 9M)
Batting: LHB Curt Causton 0-0: Swinging Strike
0-1: Ball
1-1: Ball
2-1: Swinging Strike
2-2: Strikes out swinging
Top of the 9th over - 0 run(s), 1 hit(s), 0 error(s), 2 left on base; Montgomery 1 - Wichita 5
This league is powered by Out of the Park Baseball, the baseball management simulation game for PC, Mac and Linux
Saturday, April 9th, 2016 - OOTP Baseball 16.8 Build 38